 Dungeon Sprint DCSS version 0.31.0-32-g396128a36d (webtiles) character file.

Game seed: 3974322199868975821

5 Heoruswealwe the Covered (level 1, -1/20 HPs)
             Began as a Minotaur Fighter on Mar 30, 2024.
             Slain by a gnoll sergeant
             ... wielding a +2 spear of freezing
              (10 damage)
             ... in the Dungeon (Sprint IX: "|||||||||||||||||||||||||||||").
             The game lasted 00:00:21 (27 turns).

Heoruswealwe the Covered (Minotaur Fighter)           Turns: 27, Time: 00:00:24

Health: -1/20      AC:  7    Str: 20    XL:     1   Next: 66%
Magic:  0/0        EV:  9    Int:  5    God:
Gold:   0          SH:  4    Dex:  9    Spells: 0/0 levels left

rFire   . . .        a - +0 trident
rCold   . . .        d - +0 buckler
rNeg    . . .        c - +0 scale mail
rPois   .            (helmet restricted)
rElec   .            (no cloak)
rCorr   .            (no gloves)
SInv    .            (no boots)
Will    .....        (no amulet) Stlth
                     (no ring)
HPRegen 0.23/turn    (no ring)
MPRegen 0.07/turn

%: no teleportation
@: no status effects
A: horns 2, retaliatory headbutt
a: no special abilities


You were in the Dungeon.
You visited 1 branch

Inventory:

Hand Weapons
 a - a +0 trident (weapon)
Armour
 c - a +0 scale mail (worn)
 d - a +0 buckler (worn)
Scrolls
 j - a scroll of blinking
Potions
 b - a potion of might
 e - a potion of curing
 g - a potion of haste
 h - 2 potions of magic
 i - a potion of berserk rage


   Skills:
 + Level 4.2 Fighting
 * Level 3.8 Polearms
 + Level 4.2 Armour
 - Level 3.6 Shields


You couldn't memorise any spells.
You didn't know any spells.
Your spell library was empty.

Dungeon Overview and Level Annotations

Branches:
Dungeon (1/1)

Altars:


Innate Abilities, Weirdness & Mutations

You have a pair of horns on your head.
You reflexively headbutt those who attack you in melee.


Message History

Things that are here:
a +0 dagger; a quokka corpse
There is an open door to the Dungeon here.
You closely miss the kobold. Your headbutt misses the kobold.
The kobold hits you but does no damage.
You barely miss the kobold. The kobold barely misses you.
You furiously retaliate!
You headbutt the kobold.
You kill the kobold!
The bat hits you. The bat hits you but does no damage.
Items here: )) ††.
You barely miss the bat. The bat hits you but does no damage.
The bat barely misses you. x2
You puncture the bat!
You kill the bat!
Items here: )) ††.
Okay, then.
You open the door.
A bombardier beetle, an adder, an orc, a scorpion and a gnoll sergeant come into view.
The gnoll sergeant is wielding a +2 spear of freezing.
The adder hisses angrily.
The orc shouts!
The gnoll sergeant shouts!
The gnoll sergeant barely misses you.
The gnoll sergeant hits you with a +2 spear of freezing!
Ouch! That really hurt!
The gnoll sergeant freezes you.
* * * LOW HITPOINT WARNING * * *
There is an open door, spattered with blood here.
You feel much better.
The gnoll sergeant hits you with a +2 spear of freezing.
The gnoll sergeant freezes you.
You hit the gnoll sergeant but do no damage.
You headbutt the gnoll sergeant.
The gnoll sergeant is moderately wounded.
You block the gnoll sergeant's attack. The gnoll sergeant blocks your attack.
The gnoll sergeant is moderately wounded.
The gnoll sergeant hits you with a +2 spear of freezing.
The gnoll sergeant freezes you.
The gnoll sergeant hits you with a +2 spear of freezing!
Ouch! That really hurt!
You die...

▓+▓
▓B▓
▓S▓
▓o▓
▓s▓
▓g▓
▓@▓
▓.▓
▓.▓
▓.▓
▓.▓
▓)▓
▓'▓
▓.▓
▓.▓


You could see a gnoll sergeant, a scorpion, a bombardier beetle, an adder and an
orc.

Vanquished Creatures
  An endoplasm (D)
  A goblin (D)
  A quokka (D)
  A bat (D)
  A kobold (D)
5 creatures vanquished.

Notes
Turn   | Place    | Note
-------+----------+-------------------------------------------
     0 | D        | Heoruswealwe the Minotaur Fighter began the quest for the
                  | Orb.
     0 | D        | Reached XP level 1. HP: 19/19 MP: 0/0
    23 | D        | Noticed a bombardier beetle
    23 | D        | Noticed a scorpion
    23 | D        | Noticed a gnoll sergeant
    27 | D        | Slain by a gnoll sergeant

Illustrated notes

Levels and vault maps discovered:
D:        linesprint [early_d, line_temple, items_1, d_10, items_2, lair_1,
          lair_end, items_3, orc_1, orc_end, items_4, d_15, swamp_1, shoals_1,
          snake_1, spider_1, d_20, vaults_1, items_5, swamp_end, shoals_end,
          snake_end, spider_end, vaults_end, d_27, items_6, zot_1, zot_end,
          crypt_end, forest_end, elf_end, slime_end, tomb_end, abyss_end,
          pan_hell_end]

Skill      XL: |  1 |
---------------+----+-----
Polearms       | 3 |  3.8
Fighting       | 4 |  4.2
Armour         | 4 |  4.2
Shields        | |  3.6

Action                     || total
---------------------------++-------
  Melee: Trident           ||     9
         Headbutt          ||     1
    Use: Potion            ||     1
 Armour: Scale mail        ||    10
  Dodge: Dodged            ||     5
  Block: Buckler           ||     1
